 Dungeon Crawl Stone Soup version 0.25-a0-566-g062765be81 (webtiles) character file.

Game seed: 13641161711729995138, levelgen mode: deterministic

64320 Flugslaktarn the Severer (level 14, -1/133 HPs)
             Began as a Deep Dwarf Fighter on Feb 27, 2020.
             Was the Champion of Makhleb.
             Blown up by an orb spider (32 damage)
             ... with an orb of destruction
             ... on level 4 of the Spider Nest.
             The game lasted 00:11:40 (14224 turns).

Flugslaktarn the Severer (Deep Dwarf Fighter)      Turns: 14224, Time: 00:11:41

Health: -1/133     AC: 22    Str: 27    XL:     14   Next: 71%
Magic:  1/3        EV:  7    Int: 13    God:    Makhleb [******]
Gold:   1327       SH: 13    Dex: 12    Spells: 13/13 levels left

rFire    + . .     SeeInvis .   L - +4 war axe (distort)
rCold    . . .     Gourm    +   c - +0 kite shield
rNeg     + . .     Faith    .   O - +0 plate armour
rPois    .         Spirit   .   (helmet restricted)
rElec    .         Reflect  .   g - +0 cloak
rCorr    .         Harm     .   (no gloves)
MR       ++...                  y - +0 pair of boots
Stlth    ..........             Q - amulet of the gourmand
HPRegen  0.00/turn              p - +4 ring of protection
MPRegen  0.08/turn              D - +4 ring of strength

@: mighty, non-regenerating
A: damage resistance, heal wounds, horns 1, clever 1, fire resistance 1,
negative energy resistance 1, sense surroundings 2, no regeneration
a: Heal Wounds, Minor Destruction, Lesser Servant of Makhleb, Major Destruction,
Greater Servant of Makhleb, Renounce Religion


You were on level 4 of the Spider Nest.
You worshipped Makhleb.
Makhleb was exalted by your worship.
You were not hungry.

You visited 4 branches of the dungeon, and saw 24 of its levels.

You collected 1432 gold pieces.
You spent 105 gold pieces at shops.

Inventory:

Hand Weapons
 a - a +1 war axe
 F - a +4 scimitar of flaming
   (You took it off Erica on level 9 of the Dungeon)
 L - a +4 war axe of distortion (weapon)
   (You acquired it on level 11 of the Dungeon)
 M - a +0 broad axe
   (You found it on level 13 of the Dungeon)
Missiles
 H - 4 throwing nets (quivered)
Armour
 c - a +0 kite shield (worn)
 g - a +0 cloak (worn)
   (You found it on level 4 of the Dungeon)
 l - a +2 helmet
   (You took it off Robin on level 3 of the Dungeon)
 y - a +0 pair of boots (worn)
   (You found it on level 11 of the Dungeon)
 O - a +0 plate armour (worn)
   (You found it on level 5 of the Dungeon)
Jewellery
 k - an uncursed ring of resist corrosion
   (You found it on level 8 of the Dungeon)
 p - a +4 ring of protection (left hand)
   (You found it on level 5 of the Dungeon)
 D - a +4 ring of strength (right hand)
   (You found it on level 6 of the Dungeon)
 Q - an amulet of the gourmand (around neck)
   (You found it on level 4 of the Spider Nest)
Wands
 j - a wand of iceblast (7)
   (You took it off Ijyb on level 3 of the Dungeon)
 m - a wand of scattershot (9)
   (You found it on level 8 of the Dungeon)
 A - a wand of digging (6)
   (You found it on level 7 of the Dungeon)
 E - a wand of acid (19)
   (You found it on level 6 of the Dungeon)
 G - a wand of enslavement (21)
   (You found it on level 5 of the Dungeon)
Scrolls
 o - a scroll of enchant weapon
 r - a scroll of identify
 s - 2 scrolls of immolation
 t - 4 scrolls of teleportation
 u - 8 scrolls of remove curse
 z - 2 scrolls of blinking
 C - a scroll of fog
 K - a scroll of enchant armour
 P - a scroll of vulnerability
Potions
 d - a potion of might
 f - 9 potions of lignification
 h - 2 potions of haste
 i - 3 potions of flight
 n - 3 potions of resistance
 q - 2 potions of curing
 x - 2 potions of magic
 B - a potion of ambrosia
 I - a potion of berserk rage
Comestibles
 e - 29 rations


   Skills:
 + Level 10.5 Fighting
 * Level 16.2 Axes
 + Level 12.2 Armour
 + Level 12.2 Shields
 + Level 13.1 Invocations


You had 13 spell levels left.
You didn't know any spells.
Your spell library was empty.

Dungeon Overview and Level Annotations

Branches:
Dungeon (15/15)            Temple (1/1) D:4            Lair (4/6) D:8
  Swamp (0/4) Lair:3       Spider (4/4) Lair:4       Vaults (0/5) D:13
 Depths (0/5) D:15
    Orc: D:9-12

Altars:
Ashenzari
Cheibriados
Dithmenos
Elyvilon
Gozag
Hepliaklqana
Kikubaaqudgha
Makhleb
Nemelex Xobeh
Okawaru
Qazlal
Ru
Sif Muna
Trog
Uskayaw
Vehumet
Wu Jian
Xom
Yredelemnul
Zin
The Shining One

Shops:
D:11 ?   D:14 }   D:15 %

Portals:
Trove: D:10 (give 2 scrolls of acquirement)

Annotations:
D:15 Roxanne
Spider:3 2 runed translucent doors, EnegeticOcto's ghost, journeyman DDFi
Abyss:1 Josephine


Innate Abilities, Weirdness & Mutations

You are resistant to damage.
You can heal yourself by infusing magical energy.
You resist negative energy. (rN+)
You passively map the area around you.
You do not regenerate.
You have a pair of small horns on your head.
Your mind is acute. (Int +2)
Your flesh is heat resistant. (rF+)


Message History

You hit the entropy weaver but do no damage.
Space bends around the entropy weaver.
Your headbutt misses the entropy weaver.
The entropy weaver is lightly wounded.
Your Executioner hits the entropy weaver.
Your Executioner completely misses the entropy weaver.
Your Executioner hits the entropy weaver but does no damage.
You block the entropy weaver's attack. x2
The entropy weaver hits you but does no damage.
The entropy weaver barely misses you.
You are too injured to fight recklessly!
You slash the entropy weaver! You headbutt the entropy weaver.
The entropy weaver is moderately wounded.
The entropy weaver disappears!
You are too injured to fight recklessly!
You are no longer corroded.
The orb spider weaves a glowing orb of energy.
An orb of destruction comes into view.
You swap places.
The orb of destruction hits you!!!
You die...

,,^ ^ * * ##.)# , , , *
* ## #### ,, .#* , .# ,
,..##*## * ,*#.# ,,
....##. ,#.# , #......
* #.# , ##..... *
**#^## , ,
#^.....#######..# ,,
.......†††s.@1..# ,
.......'.○○○†...#
.^.....'.s...?..####
^,#......#######.....##
*##.....** #^##...####
,, #......^ **
#.#.†.....#### ....##.
#.#..#....##.## ..## ##
* , ##.#.^##.......##
.#* * #.^....#.....†.^#


You could see an orb spider, a tarantella and a friendly Executioner.

Vanquished Creatures
  Frances (Spider:2)
  An entropy weaver (Spider:4)
  A hydra (Lair:2)
  A vault guard (D:10)
  Harold (D:7)
  Erica (D:9)
  2 dancing weapons (D:13)
  11 two-headed ogres
  A centaur warrior (D:11)
  3 tengu warriors (D:14)
  Nergalle (Lair:2)
  A wizard (D:15)
  2 phantasmal warriors (D:13)
  Pikel (D:5)
  An ugly thing (D:12)
  A wolf spider zombie (D:15)
  5 orb spiders
  2 deep elf magi (D:15)
  An orc sorcerer (D:15)
  5 wolf spiders
  2 manticores
  A moth of wrath (Spider:4)
  3 centaur skeletons
  3 gargoyles
  Psyche (D:8)
  4 spiny frogs
  9 demonic crawlers (Spider:4)
  3 komodo dragons
  2 tengu conjurers
  8 jumping spiders
  7 trolls
  A centaur simulacrum (D:14)
  3 water elementals (D:14)
  6 hippogriffs
  5 wraiths
  24 redbacks
  2 vampires
  14 tarantellas
  A wyvern (D:10)
  10 yaks
  2 basilisks
  3 vampire mosquitoes (D:15)
  Menkaure (D:7)
  8 water moccasins
  A porcupine (Lair:2)
  10 orc warriors
  A hornet zombie (D:7)
  5 ice beasts
  7 sky beasts
  4 phantoms
  3 slaves (D:5)
  10 centaurs
  6 wolves
  7 ogres
  3 crocodiles
  4 big kobolds
  9 bullfrogs
  A water moccasin zombie (D:4)
  A wyvern skeleton (D:15)
  6 scorpions
  6 killer bees (D:12)
  10 electric eels
  4 wights (D:12)
  2 howler monkeys
  A bullfrog zombie (D:4)
  6 crimson imps
  2 centaur zombies
  3 bullfrog skeletons
  6 hounds
  4 orc priests
  3 jellies
  24 orc wizards
  Ijyb (D:3)
  3 iguanas
  11 worker ants
  A killer bee zombie (D:6)
  A hound zombie (D:4)
  2 human simulacra (D:14)
  3 hound skeletons
  Robin (D:3)
  3 worker ant zombies
  11 gnolls
  8 adders
  2 shadow imps
  2 oozes
  4 adder skeletons
  6 adder zombies
  A worm (D:5)
  A dart slug (D:1)
  3 leopard geckos
  55 orcs
  2 giant cockroaches
  12 goblins
  8 hobgoblins
  14 jackals
  12 kobolds
  A quokka (D:8)
  A ball python (D:6)
  2 bats
  2 frilled lizards (D:4)
  A giant cockroach zombie (D:4)
  A jackal zombie (D:4)
  3 leopard gecko skeletons
  A quokka skeleton (D:4)
  5 rats
499 creatures vanquished.

Vanquished Creatures (collateral kills)
  A ghost moth (Spider:4)
  A water moccasin (Lair:2)
2 creatures vanquished.

Vanquished Creatures (others)
  An entropy weaver (Spider:3)
  An ogre mage (D:15)
  2 hydras (D:14)
  A death knight (D:13)
  A tengu warrior (D:13)
  An orc knight (D:15)
  An orb spider (Spider:4)
  2 wolf spiders (Spider:4)
  A centaur zombie (D:15)
  A demonic crawler (Spider:4)
  A komodo dragon (Lair:2)
  2 jumping spiders (Spider:4)
  2 hippogriffs
  2 redbacks (Spider:4)
  A vampire (D:14)
  A yak (D:11)
  2 wyverns
  A vampire mosquito (D:15)
  A water moccasin (D:11)
  An orc warrior (D:13)
  A centaur (D:14)
  A crocodile (Lair:2)
  A wyvern skeleton (D:14)
  An orc priest (D:14)
  A quokka (D:15)
31 creatures vanquished.

Grand Total: 532 creatures vanquished

Notes
Turn   | Place    | Note
-------+----------+-------------------------------------------
     0 | D:1      | Flugslaktarn the Deep Dwarf Fighter began the quest for the
                  | Orb.
     0 | D:1      | Reached XP level 1. HP: 20/20 MP: 1/1
   115 | D:1      | Reached XP level 2. HP: 27/27 MP: 2/2
   160 | D:3      | Reached skill level 3 in Axes
   160 | D:3      | Reached XP level 3. HP: 16/34 MP: 3/3
   190 | D:3      | Noticed Ijyb
   223 | D:3      | Killed Ijyb
   223 | D:3      | Reached XP level 4. HP: 35/42 MP: 4/4
   261 | D:3      | Found a sacrificial altar of Ru.
   304 | D:3      | Found a stormy altar of Qazlal.
   411 | D:3      | Noticed Robin
   448 | D:3      | Killed Robin
   448 | D:3      | Reached skill level 4 in Axes
   448 | D:3      | Reached XP level 5. HP: 28/49 MP: 5/5
   550 | D:3      | Found a glowing silver altar of Zin.
   550 | D:3      | Found a shadowy altar of Dithmenos.
   551 | D:3      | Found a basalt altar of Yredelemnul.
   693 | D:4      | Reached XP level 6. HP: 54/57 MP: 5/5
   699 | D:4      | Found a staircase to the Ecumenical Temple.
   717 | D:4      | Reached skill level 5 in Axes
   725 | Temple   | Entered the Ecumenical Temple
   788 | Temple   | Became a worshipper of Makhleb the Destroyer
  1071 | D:4      | Reached skill level 1 in Invocations
  1106 | D:4      | Found a white marble altar of Elyvilon.
  1221 | D:4      | Reached XP level 7. HP: 60/64 MP: 4/6
  1344 | D:4      | Reached * piety under Makhleb
  1357 | D:4      | Reached skill level 5 in Armour
  1357 | D:4      | Reached skill level 5 in Shields
  1359 | D:4      | Reached skill level 6 in Axes
  1600 | D:5      | Entered Level 5 of the Dungeon
  1610 | D:5      | Identified the cursed +1 robe of Jehije {rPois rF+ MR-
                  | Regen+}
  1656 | D:5      | Reached XP level 8. HP: 66/73 MP: 8/8
  1744 | D:5      | Noticed Pikel
  1768 | D:5      | Killed Pikel
  1768 | D:5      | Reached skill level 7 in Axes
  1972 | D:5      | Reached skill level 5 in Fighting
  2401 | D:6      | Reached skill level 8 in Axes
  2556 | D:6      | Reached ** piety under Makhleb
  2556 | D:6      | Gained mutation: You passively map the area around you.
                  | [Deep Dwarf growth]
  2556 | D:6      | Reached XP level 9. HP: 58/81 MP: 9/9
  2579 | D:6      | Reached skill level 5 in Invocations
  3225 | D:7      | Found a hide-covered altar of Uskayaw.
  3394 | D:7      | Found a shimmering blue altar of Sif Muna.
  3442 | D:7      | Reached skill level 9 in Axes
  3457 | D:7      | Noticed Harold
  3468 | D:7      | Killed Harold
  3582 | D:7      | Noticed Menkaure
  3588 | D:7      | Killed Menkaure
  3588 | D:7      | Reached XP level 10. HP: 67/91 MP: 10/10
  3964 | D:8      | Found an ornate altar of the Wu Jian Council.
  4004 | D:8      | Found a staircase to the Lair.
  4060 | D:8      | Noticed Psyche
  4086 | D:8      | Killed Psyche
  4086 | D:8      | Reached skill level 10 in Axes
  4100 | D:8      | Found an opulent altar of Gozag.
  4161 | D:8      | Found a radiant altar of Vehumet.
  4239 | D:8      | Gained mutation: You are occasionally teleported next to
                  | monsters. [potion of mutation]
  4239 | D:8      | Gained mutation: Your spells are a little harder to cast,
                  | but a little more powerful. [potion of mutation]
  4239 | D:8      | Gained mutation: You are robust. (+10% HP) [potion of
                  | mutation]
  4313 | D:8      | Reached *** piety under Makhleb
  4632 | D:8      | Noticed a two-headed ogre
  4648 | D:8      | Killed a two-headed ogre
  4970 | D:9      | Noticed Erica
  4979 | D:9      | Noticed a two-headed ogre
  5002 | D:9      | Killed a two-headed ogre
  5002 | D:9      | Reached skill level 11 in Axes
  5064 | D:9      | Noticed a two-headed ogre
  5092 | D:9      | Killed a two-headed ogre
  5092 | D:9      | Reached XP level 11. HP: 86/110 MP: 9/9
  5592 | D:9      | Killed Erica
  5806 | D:9      | Reached **** piety under Makhleb
  5989 | D:10     | Entered Level 10 of the Dungeon
  6005 | D:10     | Noticed a vault guard
  6040 | D:10     | Killed a vault guard
  6044 | D:10     | Found a portal to a secret trove of treasure.
  6717 | D:11     | Reached skill level 12 in Axes
  6963 | D:11     | Noticed a two-headed ogre
  6975 | D:11     | Killed a two-headed ogre
  7052 | D:11     | Noticed a two-headed ogre
  7062 | D:11     | Killed a two-headed ogre
  7106 | D:11     | Identified a scroll of acquirement
  7121 | D:11     | Noticed a centaur warrior
  7130 | D:11     | Killed a centaur warrior
  7431 | D:11     | Reached ***** piety under Makhleb
  7627 | D:11     | Reached XP level 12. HP: 113/121 MP: 11/11
  7679 | D:11     | Found Pemmaeferch's Magic Scroll Shop.
  7684 | D:11     | Bought a scroll of enchant weapon for 105 gold pieces
  8018 | D:12     | Noticed a two-headed ogre
  8025 | D:12     | Killed a two-headed ogre
  8091 | D:12     | Noticed a two-headed ogre
  8111 | D:12     | Killed a two-headed ogre
  8111 | D:12     | Reached skill level 10 in Invocations
  8180 | D:12     | Reached skill level 13 in Axes
  8205 | D:12     | You fall into a shaft and drop 2 floors!
  8250 | D:14     | Noticed a tengu warrior
  8251 | D:14     | Noticed a tengu warrior
  8263 | D:14     | Killed a tengu warrior
  8263 | D:14     | Reached skill level 10 in Shields
  8333 | D:14     | Found Nuharim's Gadget Boutique.
  8377 | D:14     | Reached skill level 10 in Armour
  8504 | D:13     | Found a gate to the Vaults.
  8684 | D:13     | Noticed a tengu warrior
  8690 | D:13     | Banished a tengu warrior
  8861 | D:13     | Noticed a death knight
  8931 | D:13     | Noticed Josephine
  8939 | D:13     | Banished Josephine
  9084 | D:13     | Banished a death knight
  9382 | D:14     | Noticed a two-headed ogre
  9402 | D:14     | Reached XP level 13. HP: 95/132 MP: 13/13
  9415 | D:14     | Reached skill level 14 in Axes
  9662 | D:15     | Entered Level 15 of the Dungeon
  9921 | D:15     | Found a white marble altar of Elyvilon.
 10057 | D:15     | Found Woqakhly's Food Shop.
 10183 | D:15     | Identified Roxanne's Incunabulum of Transmigration
 10183 | D:15     | Noticed Roxanne
 10363 | D:15     | Found a staircase to the Depths.
 10637 | Lair:1   | Entered Level 1 of the Lair of Beasts
 10850 | Lair:2   | Reached ****** piety under Makhleb
 10929 | Lair:2   | Noticed Nergalle
 10940 | Lair:2   | Killed Nergalle
 10940 | Lair:2   | Reached skill level 15 in Axes
 11176 | Lair:2   | Lost mutation: Your spells are a little harder to cast, but
                  | a little more powerful. [potion of mutation]
 11176 | Lair:2   | Lost mutation: You are robust. (+10% HP) [potion of
                  | mutation]
 11176 | Lair:2   | Lost mutation: You are occasionally teleported next to
                  | monsters. [potion of mutation]
 11176 | Lair:2   | Gained mutation: You possess an exceptional clarity of
                  | mind. [potion of mutation]
 11176 | Lair:2   | Gained mutation: You expend magic power (3 MP) to
                  | strengthen your wands. [potion of mutation]
 11176 | Lair:2   | Gained mutation: Scrolls take you a little longer to read.
                  | [potion of mutation]
 11176 | Lair:2   | Gained mutation: Your system is resistant to poisons.
                  | (rPois) [potion of mutation]
 11177 | Lair:2   | Lost mutation: Your system is resistant to poisons. (rPois)
                  | [potion of mutation]
 11177 | Lair:2   | Lost mutation: You expend magic power (3 MP) to strengthen
                  | your wands. [potion of mutation]
 11177 | Lair:2   | Lost mutation: Scrolls take you a little longer to read.
                  | [potion of mutation]
 11177 | Lair:2   | Gained mutation: You have a pair of small horns on your
                  | head. [potion of mutation]
 11177 | Lair:2   | Gained mutation: Your muscles are strong. (Str +2) [potion
                  | of mutation]
 11875 | Lair:3   | Found the +4 robe of Augmentation {Str+4 Int+4 Dex+4}
 12093 | Lair:3   | Found a staircase to the Swamp.
 12142 | Lair:3   | Lost mutation: You have a pair of small horns on your head.
                  | [potion of mutation]
 12142 | Lair:3   | Lost mutation: You possess an exceptional clarity of mind.
                  | [potion of mutation]
 12142 | Lair:3   | Lost mutation: Your muscles are strong. (Str +2) [potion of
                  | mutation]
 12142 | Lair:3   | Gained mutation: Your flesh is heat resistant. (rF+)
                  | [potion of mutation]
 12142 | Lair:3   | Gained mutation: You have a pair of small horns on your
                  | head. [potion of mutation]
 12142 | Lair:3   | Gained mutation: Your mind is acute. (Int +2) [potion of
                  | mutation]
 13047 | Lair:4   | Found a hole to the Spider Nest.
 13072 | Spider:1 | Entered Level 1 of the Spider Nest
 13189 | Spider:2 | Gained mutation: You resist negative energy. (rN+) [Deep
                  | Dwarf growth]
 13189 | Spider:2 | Reached XP level 14. HP: 80/130 MP: 5/5
 13253 | Spider:2 | Noticed Frances
 13278 | Spider:2 | Killed Frances
 13278 | Spider:2 | Reached skill level 10 in Fighting
 13435 | Spider:3 | Noticed an entropy weaver
 13438 | Spider:3 | Banished an entropy weaver
 13456 | Spider:3 | Found a large runed translucent door.
 13456 | Spider:3 | Found a large runed translucent door.
 13471 | Spider:3 | Noticed EnegeticOcto's ghost (journeyman DDFi)
 13475 | Spider:4 | Entered Level 4 of the Spider Nest
 13594 | Spider:4 | Noticed an entropy weaver
 13604 | Spider:4 | Killed an entropy weaver
 13739 | Spider:4 | Noticed an emperor scorpion
 13880 | Spider:4 | Reached skill level 16 in Axes
 14071 | Spider:4 | Noticed an emperor scorpion
 14172 | Spider:4 | Noticed an entropy weaver
 14213 | Spider:4 | Killed a ghost moth
 14224 | Spider:4 | Blown up by an orb spider

Levels and vault maps discovered:
D:1:      giann_forest_graveyard, layout_basic
D:2:      layout_basic, fedhas_altar_4, chequers_serial_rivers_micro_d,
          uniq_terence, uniq_crazy_yiuf_cottage, uniq_sigmund
D:3:      layout_loops_ring, nicolae_ru_sacrificial_ziggurat,
          gammafunk_temple_overflow_claw, grunt_qazlal_clouds, first_ration,
          uniq_ijyb, uniq_robin
D:4:      layout_loops_cross, nicolae_overflow_crystal_walls,
          minmay_temple_entry_stoned_glass, serial_undead, serial_undead_d,
          serial_undead_f, serial_undead_d, serial_undead_a,
          minmay_quadrilaterals
D:5:      layout_gridville, uniq_pikel
D:6:      layout_loops_cross
D:7:      layout_loops_cross, led_sif_pool, marbit_many_paths, uniq_harold,
          uniq_menkaure
D:8:      minmay_the_grid_plus [minmay_the_grid_paths, minmay_the_grid_x,
          minmay_the_grid_garden, minmay_the_grid_medium_cups,
          minmay_the_grid_prize_inner_circle], layout_basic,
          kennysheep_mini_moat, lemuel_crystal_altar, overflow_temple_1_default,
          lair_entry_dummy, uniq_psyche
D:9:      layout_loops_corners, blue_anna_alchemist [blue_anna_fruit_fields,
          blue_anna_fruit_fields], st_stairs_1, uniq_erica
D:10:     layout_loops_ring, enter_trove_5
D:11:     layout_grid_maze, serial_shops, nicolae_shop_trees
D:12:     layout_roguey, minmay_orc_entry_guard_dogs
D:13:     layout_stronghold, erik_vaults_1, uniq_josephine
D:14:     layout_cave_pods, kennysheep_boxes, serial_shops, kennysheep_mini,
          bh_circular_ruins
D:15:     grunt_enter_depths_magical_seal, layout_stronghold, elyvilon_altar_4,
          serial_shops, shop, hangedman_decor_lopped, uniq_roxanne
Temple:   cyrus_temple_forest
Lair:1:   layout_cave_shapes, hellmonk_ghost_happy_afterlife,
          nicolae_quartered_pool_little, grunt_megastairs_2,
          infiniplex_staircase_pool_2, uniq_grum
Lair:2:   layout_layer_cave, beast_lair_carwin_10, uniq_nergalle
Lair:3:   layout_cave_pods, minmay_swamp_entry_eels
Lair:4:   layout_cave_pods, spider_nest_entry_web_field
Spider:1: layout_spider_delve
Spider:2: layout_spider_delve, hive_lemuel, nicolae_spider_cling_halls,
          uniq_frances
Spider:3: layout_chambers, ebering_ghost_disaster_area, minmay_another_anthill
Spider:4: johnstein_spider_rune_arachne_lair, drop_trap, nicolae_crawler_farm

Skill      XL: |  1  2  3  4  5  6  7  8  9 10 11 12 13 14 |
---------------+-------------------------------------------+-----
Fighting       | 3 4 5 6 7 8 9 10 | 10.5
Axes           | 3 4 5 6 8 9 11 12 13 15 16 | 16.2
Armour         | 4 5 6 7 8 9 10 11 12 | 12.2
Shields        | 4 5 6 7 8 9 10 11 12 | 12.2
Invocations    | 1 3 4 6 8 9 11 12 13 | 13.1

Action                   |  1- 3 |  4- 6 |  7- 9 | 10-12 | 13-15 || total
-------------------------+-------+-------+-------+-------+-------++-------
Melee: War axe           |    79 |   202 |   470 |   867 |   740 ||  2358
       Headbutt          |       |       |       |       |   108 ||   108
Invok: Greater Servant o |       |       |       |       |     2 ||     2
 Abil: Heal Wounds       |     4 |     3 |     9 |    12 |    25 ||    53
  Use: Scroll            |       |       |       |    24 |     9 ||    33
       Potion            |       |       |       |     1 |    13 ||    14
 Stab: Distracted        |       |       |       |       |     1 ||     1
  Eat: Chunk             |       |     2 |     9 |    15 |    23 ||    49
       Ration            |       |       |       |     1 |     1 ||     2
Armor: Scale mail        |    34 |   112 |    64 |       |       ||   210
       Plate armour      |       |       |   203 |   451 |   479 ||  1133
Dodge: Dodged            |    24 |    63 |    81 |   142 |   213 ||   523
Block: Kite shield       |    59 |   123 |   217 |   456 |   530 ||  1385

Table legend:
 A = Non-vault XP
 B = Vault XP
 C = Vault XP percentage of total XP
 D = Non-vault monster count
 E = Vault monster count
 F = Vault count percentage of total count
                 A         B        C        D         E       F
            +---------+---------+-------+---------+---------+-------
      Total |   66093 |   25793 |  28.1 |     436 |      92 |  17.4
            +---------+---------+-------+---------+---------+-------
        D:1 |      14 |       0 |   0.0 |       8 |       0 |   0.0
        D:2 |       4 |       0 |   0.0 |       2 |       0 |   0.0
        D:3 |     212 |      78 |  26.9 |      29 |      14 |  32.6
        D:4 |     453 |     352 |  43.7 |      22 |      13 |  37.1
        D:5 |     665 |     663 |  49.9 |      17 |       1 |   5.6
        D:6 |     950 |       0 |   0.0 |      29 |       0 |   0.0
        D:7 |    1241 |    1197 |  49.1 |      26 |       3 |  10.3
        D:8 |     912 |    2310 |  71.7 |      14 |      15 |  51.7
        D:9 |    3730 |    1182 |  24.1 |      29 |       4 |  12.1
       D:10 |    1837 |     997 |  35.2 |      19 |       1 |   5.0
       D:11 |    5856 |       0 |   0.0 |      43 |       0 |   0.0
       D:12 |    3425 |       0 |   0.0 |      17 |       0 |   0.0
       D:13 |    5071 |    3209 |  38.8 |      21 |       5 |  19.2
       D:14 |    9227 |      43 |   0.5 |      41 |       2 |   4.7
       D:15 |    5161 |    6041 |  53.9 |      22 |       8 |  26.7
     Lair:1 |     835 |       0 |   0.0 |       5 |       0 |   0.0
     Lair:2 |    3107 |    1176 |  27.5 |      11 |       4 |  26.7
     Lair:3 |    2215 |     155 |   6.5 |      12 |       3 |  20.0
     Lair:4 |    1171 |       0 |   0.0 |       8 |       0 |   0.0
   Spider:2 |    6399 |    2436 |  27.6 |      24 |       1 |   4.0
   Spider:3 |    2697 |       0 |   0.0 |       6 |       0 |   0.0
   Spider:4 |   10911 |    5954 |  35.3 |      31 |      18 |  36.7
            +---------+---------+-------+---------+---------+-------
